 Dungeon Crawl Stone Soup version 0.28-a0-674-gdaf460b524 (webtiles) character file.

Game seed: 1675413521645439298

501 Demosthentine the Poker (level 7, -1/55 HPs)
             Began as a Merfolk Gladiator on Oct 17, 2021.
             Killed by divine providence
             ... invoked by an orc priest
              (14 damage)
             ... on level 4 of the Dungeon.
             The game lasted 00:02:52 (4113 turns).

Demosthentine the Poker (Merfolk Gladiator)         Turns: 4113, Time: 00:02:53

Health: -1/55      AC:  7    Str: 16    XL:     7   Next: 17%
Magic:  7/7        EV: 14    Int:  7    God:
Gold:   111        SH:  0    Dex: 16    Spells: 6/6 levels left

rFire   . . .      SeeInvis .   a - +0 trident
rCold   . . .      Faith    .   (no shield)
rNeg    . . .      Spirit   .   b - +0 leather armour
rPois   .          Reflect  .   c - +0 helmet
rElec   .          Harm     .   e - +1 cloak
rCorr   .          Rampage  .   f - +0 pair of gloves
Will    .....                   (no boots)
Stlth   +.........              (no amulet)
HPRegen 0.18/turn               (no ring)
MPRegen 0.10/turn               (no ring)

@: no status effects
A: (nimble swimmer 2), mertail
a: no special abilities


You were on level 4 of the Dungeon.
You visited 1 branch of the dungeon, and saw 4 of its levels.

You collected 180 gold pieces.
You spent 69 gold pieces at shops.

Inventory:

Hand Weapons
 a - a +0 trident (weapon)
Missiles
 d - 3 throwing nets (quivered)
Armour
 b - a +0 leather armour (worn)
 c - a +0 helmet (worn)
 e - a +1 cloak (worn)
 f - a +0 pair of gloves (worn)
Jewellery
 o - a ring of see invisible
Wands
 q - a wand of digging (6)
Scrolls
 k - a scroll of identify
 p - a scroll of enchant armour
 r - a scroll of fog {unknown}
Potions
 g - a potion of flight
 h - 2 potions of curing
 i - 2 potions of degeneration {unknown}
 j - 2 potions of heal wounds {unknown}
 l - a potion of resistance
 m - a potion of berserk rage
 n - a potion of ambrosia {unknown}


   Skills:
 + Level 4.4 Fighting
 + Level 6.8 Polearms
 - Level 2.0 Throwing
 + Level 2.5 Armour
 + Level 6.2 Dodging


You had 6 spell levels left.
You didn't know any spells.
Your spell library contained the following spells:

 Spells                   Type           Power      Damage    Failure   Level
 Apportation              Tloc           0%         N/A       50%         1


Dungeon Overview and Level Annotations

Branches:
Dungeon (4/15)
 Temple: D:4-7

Altars:

Shops:
D:2 *


Innate Abilities, Weirdness & Mutations

((You are quick and stealthy near water. (Stealth+, EV+, Speed+++)))
Your lower body shifts to a powerful aquatic tail in water.


Message History

The orc hits you with a +0 hand axe.
Unknown command.
You puncture the orc priest!
The orc priest is severely wounded.
The orc priest barely misses you. The orc hits you but does no damage.
The orc hits you with a +0 hand axe.
Unknown command.
You hit the orc priest.
The orc priest is almost dead.
The orc priest hits you but does no damage.
The orc barely misses you.
Unknown command.
You closely miss the orc priest.
The orc priest is almost dead.
The orc hits you but does no damage.
The orc priest hits you with a +0 dagger.
The orc hits you with a +0 club.
Unknown command.
You barely miss the orc priest.
The orc priest is almost dead.
The orc hits you with a +0 hand axe.
The orc priest calls down the wrath of Beogh upon you.
Beogh smites you! The orc hits you with a +0 club.
* * * LOW HITPOINT WARNING * * *
Unknown command.
You are too injured to fight recklessly!
Unknown command.
You are too injured to fight recklessly!
Unknown command.
You barely miss the orc priest.
The orc priest is almost dead.
The orc barely misses you.
The orc priest invokes the aid of Beogh against you.
You struggle to resist.
The orc closely misses you.
You hit the orc priest but do no damage.
The orc priest is almost dead.
The orc closely misses you.
The orc priest calls down the wrath of Beogh upon you.
Beogh smites you!
You die...

#.....# #.....#
#.....########
#######.##+#..#.#..#
#.............#.....
#.....$.......#.....
#......#......'.....
#.o....#......#...##
#.o@...########...##
#.o....#.....##...##
...)######.....##...##
......
...............#.
.....
...............#.
.....
.........†.....#. ....
...............#. ....
#######'#########
.................


You could see an orc priest and 2 orcs.

Vanquished Creatures
  Grinder (D:4)
  A water moccasin skeleton (D:4)
  A howler monkey (D:4)
  A gnoll shaman (D:3)
  An orc wizard (D:3)
  A hound skeleton (D:4)
  4 adders
  3 gnolls
  An adder skeleton (D:4)
  A worm (D:2)
  A dart slug (D:2)
  10 orcs
  5 endoplasms
  8 giant cockroaches
  10 goblins
  6 hobgoblins
  4 kobolds
  2 quokkas (D:3)
  5 ball pythons
  3 bats
  3 frilled lizards
  3 rats
75 creatures vanquished.

Notes
Turn   | Place    | Note
-------+----------+-------------------------------------------
     0 | D:1      | Demosthentine the Merfolk Gladiator began the quest for the
                  | Orb.
     0 | D:1      | Reached XP level 1. HP: 16/16 MP: 1/1
   543 | D:1      | Reached XP level 2. HP: 23/23 MP: 2/2
   585 | D:1      | Found a faded altar of an unknown god.
   590 | D:1      | Got Plato's Catalogue of Displacement
  1090 | D:2      | Reached XP level 3. HP: 21/28 MP: 3/3
  1284 | D:2      | Reached skill level 5 in Polearms
  1288 | D:2      | Reached skill level 1 in Armour
  1560 | D:2      | Reached XP level 4. HP: 34/34 MP: 4/4
  1721 | D:2      | Found Ahoatum's Assorted Antiques.
  1729 | D:2      | Bought a fuming ruby potion for 22 gold pieces
  1729 | D:2      | Bought an emerald potion for 22 gold pieces
  1729 | D:2      | Bought a scroll labelled IRIAN RIVENISYMI for 25 gold
                  | pieces
  2510 | D:4      | Reached skill level 5 in Dodging
  2510 | D:4      | Reached XP level 5. HP: 11/41 MP: 5/5
  2848 | D:4      | Noticed Grinder
  2867 | D:4      | Killed Grinder
  2868 | D:4      | Reached XP level 6. HP: 27/48 MP: 6/6
  3649 | D:4      | Reached XP level 7. HP: 54/54 MP: 7/7
  4113 | D:4      | Killed from afar by an orc priest

Illustrated notes

Levels and vault maps discovered:
D:1:      dpeg_arrival_three_same_balls, layout_basic,
          shapermc_ecumenical_altar_rom_forum, grunt_decor_one_mirror
D:2:      layout_loops_corners, serial_shops, nicolae_shop_overgrown_old_shop
D:3:      layout_basic
D:4:      layout_gridville, minmay_temple_entry_fiery, uniq_grinder

Skill      XL: |  1  2  3  4  5  6 |
---------------+-------------------+-----
Polearms       | 5 6 |  6.8
Armour         | 1 2 |  2.5
Fighting       | 3 4 |  4.4
Dodging        | 5 6 |  6.2
Throwing       | |  2.0

Action                   |  1- 3 |  4- 6 |  7- 9 || total
-------------------------+-------+-------+-------++-------
Melee: Trident           |    93 |   142 |    45 ||   280
  Use: Scroll            |     2 |     6 |       ||     8
       Potion            |       |     1 |       ||     1
 Stab: Sleeping          |     2 |       |       ||     2
       Distracted        |       |     1 |       ||     1
Armor: Leather armour    |    21 |    31 |    12 ||    64
Dodge: Dodged            |    49 |    75 |    26 ||   150

Table legend: (Time is in decaauts)
 A = Elapsed time spent in this place.
 B = Non-inter-level travel time spent in this place.
 C = Inter-level travel time spent in this place.
 D = Time resting spent in this place.
 E = Time spent auto-exploring this place.
 F = Levels seen in this place.
 G = Mean time per level.
                   A        B        C        D        E       F      G
               +--------+--------+--------+--------+--------+-----+--------+
         Total |   4133 |   4119 |     14 |    599 |   2864 |   4 | 1033.2 |
       Dungeon |   4133 |   4119 |     14 |    599 |   2864 |   4 | 1033.2 |
               +--------+--------+--------+--------+--------+-----+--------+

Top non-repeatable levels by time:
     D:3: 1229 daAuts
     D:4: 1037 daAuts
     D:2: 979 daAuts
     D:1: 887 daAuts
